 Dungeon Crawl Stone Soup version 0.14.2 (webtiles) character file.

115672 Amnesiac the Fetichist (level 16, -7/88 HPs)
             Began as a Spriggan Gladiator on Feb 11, 2018.
             Was a High Priest of Nemelex Xobeh.
             Killed from afar by a deep elf sorcerer (32 damage)
             ... with a blast of hellfire
             ... on Level 3 of the Elven Halls.
             The game lasted 01:52:29 (27694 turns).

Amnesiac the Fetichist (Spriggan Gladiator)        Turns: 27694, Time: 01:52:29

HP  -7/88        AC 16     Str 16      XL: 16   Next: 16%
MP   0/48        EV 27     Int 15      God: Nemelex Xobeh [*****.]
Gold 1328        SH 18     Dex 18      Spells:  7 memorised,  3 levels left

rFire  . . .     SeeInvis +     w - +0 blowgun
rCold  + . .     Clarity  .     h - +2 robe {rC+}
rNeg   . . .     Conserve .     x - +0 buckler {AC+3}
rPois  .         rCorr    .     B - +3 hat of Pondering {ponderous, MR+ MP+10 Int+5}
rElec  +         rRot     .     E - +0 cloak
SustAb + .       Spirit   +     (gloves unavailable)
rMut   .         Warding  .     (boots unavailable)
Saprov . . .     Stasis   .     y - amulet of guardian spirit
MR     +++..                    q - +6 ring of protection
                                n - ring of sustain abilities

@: sage [Evocations, Transmutations, Fighting], very quick, extremely resistant
to hostile enchantments, unstealthy
A: unfitting armour, see invisible, deformed body, herbivore 3, speed 3,
electricity resistance, slow metabolism 2
a: Draw One, Peek at Two, Triple Draw, Deal Four, Stack Five, Renounce Religion


You were on level 3 of the Elven Halls.
You worshipped Nemelex Xobeh.
Nemelex Xobeh was extremely pleased with you.
You were full.

You visited 4 branches of the dungeon, and saw 18 of its levels.
You visited the Abyss 1 time.
You visited 1 bazaar.
You also visited: Sewer.

You collected 2832 gold pieces.
You spent 1472 gold pieces at shops.

Inventory:

Hand weapons
 a - a +3,+3 sling of flame
 w - a +0 blowgun (weapon)
Missiles
 d - 2 tomahawks of returning
 f - 46 poisoned needles
 o - 44 stones
 s - 4 silver sling bullets
 u - 4 throwing nets
 F - 9 tomahawks
 H - 2 sling bullets
 K - 2 curare-tipped needles (quivered)
Armour
 h - a +2 robe of cold resistance (worn)
 x - a +0 buckler of protection (worn)
 B - the +3 hat of Pondering (worn) {ponderous, MR+ MP+10 Int+5}
   (You took it off Gastronok on level 1 of the Orcish Mines)

   It affects your intelligence (+5).
   It affects your resistance to hostile enchantments.
   It affects your magic capacity (+10).
 C - a +2 robe of the Archmagi
 E - a +0 cloak (worn)
Magical devices
 m - a wand of digging (14)
Comestibles
 i - 4 bread rations
Scrolls
 k - 2 scrolls of remove curse {!r}
 l - 2 scrolls of magic mapping {!r}
Jewellery
 n - a ring of sustain abilities (left hand)
 q - a +6 ring of protection (right hand)
 r - the ring "Theitize" {MR+ EV+2, unknown}
   (You took it off a deep elf high priest on level 3 of the Elven Halls)

   [ring of evasion]

   It affects your evasion (+2).
   It affects your resistance to hostile enchantments.
 y - an amulet of guardian spirit (around neck)
 A - an uncursed ring of sustenance
 D - an uncursed amulet of stasis
Potions
 e - 2 potions of porridge {!q}
 g - 2 potions of magic {!q}
 p - 9 potions of curing {!q}
 J - a potion of might {!q}
 Q - a potion of resistance {!q}
Books
 N - a book of Enchantments

   Spells                             Type                      Level
   Cause Fear                         Hexes                        4
   Silence                            Hexes/Air                    5
   Tukima's Dance                     Hexes                        5
   Deflect Missiles                   Charms/Air                   6
   Haste                              Charms                       6
   Discord                            Hexes                        8
 P - a book of Hinderance

   Spells                             Type                      Level
   *Confusing Touch                   Hexes                        1
   Confuse                            Hexes                        3
   Petrify                            Transmutation/Earth          4
   Leda's Liquefaction                Hexes/Earth                  4
   Metabolic Englaciation             Hexes/Ice                    5
   Summon Mana Viper                  Hexes/Summoning              5
Miscellaneous
 b - a lantern of shadows
 c - a legendary deck of escape {drawn: 1}
 j - an ornate deck of escape {drawn: 5}
 t - a stone of tremors
 G - a disc of storms


   Skills:
 + Level 12.2 Fighting
   Level 2.6 Axes
   Level 2.2 Staves
 - Level 12.0 Slings
 - Level 12.0 Throwing
 - Level 11.0 Dodging
 - Level 9.0 Shields
   Level 3.5 Transmutations
 - Level 20.7 Evocations


You had 3 spell levels left.
You knew the following spells:

 Your Spells              Type           Power        Failure   Level  Hunger
a - Apportation           Tloc           #.........   28%         1    ##.....
b - Summon Butterflies    Summ           #.......     28%         1    ##.....
c - Corpse Rot            Necr           N/A          38%         2    ###....
d - Sublimation of Blood  Necr           #.........   38%         2    ###....
r - Regeneration          Chrm/Necr      #.........   80%         3    ####...
v - Blink                 Tloc           N/A          38%         2    ###....
z - Confusing Touch       Hex            #.........   28%         1    ##.....


Dungeon Overview and Level Annotations

Branches:
Dungeon (10/15)            Temple (1/1) D:7             Orc (4/4) D:10
    Elf (3/3) Orc:3          Lair (0/8) D:10

Altars:
Ashenzari
Cheibriados
Dithmenos
Elyvilon
Fedhas
Kikubaaqudgha
Makhleb
Nemelex Xobeh
Okawaru
Sif Muna
Trog
Vehumet
Xom
Yredelemnul
Zin
The Shining One

Shops:
D:6 (   Orc:2 [   Orc:3 *   Orc:4 =[*   Elf:2 (


Innate Abilities, Weirdness & Mutations

You are tiny and cannot use many weapons and most armour.
You have supernaturally acute eyesight.
You are a herbivore.
You cover ground extremely quickly.
You need consume almost no food.
Armour fits poorly on your strangely shaped body.
You are resistant to electric shocks.


Message History

Okay, then.
Unknown command.
Firing (i - inventory. (,) - cycle):
K - 4 curare-tipped needles (quivered)
Press: ? - help, Shift-Dir - straight line, f/p - deep elf sorcerer
Aim: a deep elf sorcerer, wielding the +2,+10 spear of the Botono {reap, rPois rN+ HP-6}, wearing a glowing leather armour and wearing a runed brass ring (lightly wounded, moving very quickly)
You shoot a curare-tipped needle.
The curare-tipped needle hits the deep elf sorcerer.
The deep elf sorcerer is lightly wounded.
The deep elf sorcerer mumbles some strange words.
The smoke demon barely misses your shadow.
The smoke demon closely misses your shadow.
The smoke demon barely misses your shadow.
Firing (i - inventory. (,) - cycle):
K - 3 curare-tipped needles (quivered)
Press: ? - help, Shift-Dir - straight line, f - deep elf sorcerer, p - deep elf sorcerer
Aim: a deep elf sorcerer, wielding a long sword and wearing a ring mail You shoot a curare-tipped needle.
The curare-tipped needle hits the blue devil.
You block the deep elf sorcerer's attack.
The deep elf sorcerer gestures wildly while chanting.
The blue devil disappears in a puff of smoke!
The smoke demon gestures at you. The ball of steam hits your shadow.
The red devil completely misses you.
Your shadow is engulfed in a cloud of scalding steam.
The deep elf sorcerer casts a spell.
The deep elf sorcerer seems to speed up.
The smoke demon hits your shadow.
The smoke demon closely misses your shadow.
The smoke demon hits your shadow but does no damage.
You see here an arrow.
The deep elf sorcerer points at you and mumbles some strange words.
The hellfire explodes!
The blast of hellfire engulfs you!
* * * LOW HITPOINT WARNING * * *
The chaos spawn barely misses your shadow.
The deep elf sorcerer casts a spell at you.
The hellfire explodes!
The blast of hellfire engulfs you!
* * * LOW HITPOINT WARNING * * *
Read which item? (? for menu, Esc to quit)
Really read
z - a scroll of blinking {!r}?
As you read the scroll of blinking {!r}, it crumbles to dust.
A powerful magic interferes with your control of the blink.
You blink.
The deep elf sorcerer casts a spell at you.
The bolt of negative energy misses you.
You see here an arrow.
Drink which item? (? for menu, Esc to quit)
Okay, then.
Things that are here:
an uncursed short sword; a ring mail
Things that are here:
a ring mail; a long sword You see here a short sword.
Read which item? (? for menu, Esc to quit)
Okay, then.
Drink which item? (? for menu, Esc to quit)
Okay, then.
The deep elf sorcerer gestures at you while chanting.
You resist with almost no effort.
The deep elf sorcerer casts a spell at you.
The hellfire explodes!
The blast of hellfire engulfs the fungus.
The blast of hellfire engulfs you!
One of your 3 scrolls of magic mapping {!r} catches fire!
You die...
Your body glows with a rainbow of weird colours and disappears.

#.........### #
#...........# ### #
#.....[.....# #.### #
#...........# ##...## ##
#...........# #.....# #.
#...........###....## #.
#.......(.........## ##.
#.....(.)<........####..
#.....)@.(##...%...##...
#........[#####.....#...
#.....f).)# ###.......
#.........# ###....#
##..)[...## ##....
#......)# #.... .
#......)# #.... ..
#.......# ##.... ..
#....e..# #.....


You could see a deep elf sorcerer.

Vanquished Creatures
  5 deep elf sorcerers (Elf:3)
  Gastronok (Orc:1)
  5 deep elf demonologists (Elf:3)
  4 deep elf annihilators (Elf:3)
  Josephine (Orc:2)
  Fannar (Orc:2)
  Snorg (Orc:4)
  3 ogre magi (Orc:4)
  2 thrashing horrors (Abyss:2)
  A deep elf knight (Elf:3)
  4 lindwurms (D:10)
  A deep elf summoner (Elf:3)
  4 large abominations
  Pikel (D:5)
  A cyclops (Orc:3)
  3 deep elf conjurers
  An orc sorcerer (Orc:4)
  A sixfirhy (Elf:3)
  2 worldbinders (Abyss:2)
  A deep elf priest (Elf:2)
  A komodo dragon (D:10)
  A red devil (Abyss:2)
  3 trolls
  14 two-headed ogres
  The ghost of Amnesiac the Ducker, an average SpGl (D:4)
  3 raiju (Abyss:2)
  13 yaks
  2 water elementals (Abyss:3)
  A human (D:7)
  7 necrophages
  2 deep elf magi (Elf:1)
  A wyvern (D:4)
  2 deep elf fighters (Elf:3)
  A hungry ghost (Abyss:2)
  Menkaure (D:5)
  A mottled dragon (D:10)
  3 wargs
  Purgy (Sewer)
  A phantom (D:4)
  2 sky beasts
  8 orc warriors
  A yellow wasp (D:8)
  4 small abominations
  2 ice beasts
  25 ogres
  4 slaves (D:6)
  4 centaurs
  A giant goldfish (D:9)
  A big kobold (D:8)
  A crocodile (D:10)
  An elf zombie (D:7)
  A giant frog (D:10)
  6 jellies
  2 scorpions
  7 wights (D:7)
  An electric eel (D:9)
  A crimson imp (D:7)
  12 orc priests
  2 quasits (D:8)
  2 human zombies (D:7)
  A goliath beetle (D:8)
  2 hounds
  2 big fish
  13 orc wizards
  A human skeleton (D:7)
  An orange rat (Elf:3)
  A two-headed ogre skeleton (D:9)
  5 iguanas
  11 worker ants
  3 sheep (D:7)
  2 mummies
  8 gnolls
  11 adders
  3 green rats (D:5)
  2 shadow imps
  3 giant mites
  6 worms
  An adder zombie (D:6)
  3 orc zombies
  2 giant eyeballs
  5 oozes
  100 orcs
  11 bats
  A bat zombie (D:6)
  7 giant cockroaches
  24 hobgoblins
  20 jackals
  20 kobolds
  A quokka (D:4)
  7 ball pythons
  8 giant geckos
  8 giant newts
  A gnoll zombie (D:7)
  17 goblins
  3 orc skeletons (Orc:2)
  14 rats
  A rat skeleton (D:4)
  A plant (D:9)
520 creatures vanquished.

Vanquished Creatures (collateral kills)
  A deep elf blademaster (Elf:3)
  2 deep elf sorcerers (Elf:3)
  The ghost of Amnesiac the Evocator, a powerful SpAr of Nemelex Xobeh (Elf:2)
  A deep elf death mage (Elf:3)
  2 deep elf high priests (Elf:3)
  An ogre mage (Orc:4)
  The ghost of Amnesiac the Prestidigitator, an experienced SpAr of Nemelex Xobeh (D:10)
  Nergalle (Orc:4)
  6 deep elf knights
  3 hill giants
  7 deep elf summoners
  8 deep elf conjurers
  A cyclops (Orc:4)
  An orange demon (Elf:3)
  3 deep elf priests
  A merfolk (Orc:1)
  A giant firefly (Orc:1)
  A blue devil (Elf:3)
  A ynoxinul (Elf:3)
  3 redbacks
  11 deep elf magi
  16 deep elf fighters
  An ugly thing (Orc:1)
  2 wargs (Orc:4)
  A spider (Abyss:2)
  2 orc warriors
  6 ogres
  An ogre (shapeshifter) (Elf:2)
  2 lost souls (Elf:3)
  A centaur (D:10)
  A giant frog (D:10)
  A hippogriff zombie (D:10)
  A scorpion (D:10)
  An iron imp (Elf:3)
  2 crimson imps
  An orc priest (D:10)
  3 orange rats
  2 orc wizards (Orc:4)
  8 orcs
  A goblin (Orc:4)
  A quokka (Orc:2)
  A fungus (Elf:3)
112 creatures vanquished.

Vanquished Creatures (others)
  An eldritch tentacle (Orc:4)
  A deep elf high priest (Elf:3)
  A deep elf conjurer (Elf:1)
  A two-headed ogre (Orc:4)
  2 deep elf magi (Elf:1)
  103 shadows
  2 ufetubi (Abyss:5)
  A lurking horror (Abyss:5)
  78 eldritch tentacle segments (Orc:4)
  6 starspawn tentacles
  8 starspawn tentacle segments
204 creatures vanquished.

Grand Total: 836 creatures vanquished

Notes
Turn   | Place    | Note
--------------------------------------------------------------
     0 | D:1      | Amnesiac, the Spriggan Gladiator, began the quest for the Orb.
     0 | D:1      | Reached XP level 1. HP: 10/10 MP: 2/2
   101 | D:1      | Reached skill level 1 in Slings
   208 | D:1      | Reached XP level 2. HP: 7/14 MP: 4/4
   701 | D:1      | Reached XP level 3. HP: 15/18 MP: 6/6
  2388 | D:3      | Reached XP level 4. HP: 23/23 MP: 8/8
  2407 | D:3      | Reached skill level 5 in Slings
  2725 | D:3      | Reached XP level 5. HP: 26/26 MP: 10/10
  2965 | D:3      | Found an ancient bone altar of Kikubaaqudgha.
  3270 | D:3      | Reached skill level 6 in Slings
  3346 | D:3      | Noticed an ogre
  3364 | D:3      | Killed an ogre
  3364 | D:3      | Reached skill level 7 in Slings
  3516 | D:4      | Reached XP level 6. HP: 30/30 MP: 12/12
  3992 | D:4      | Noticed Amnesiac's ghost (average SpGl)
  4115 | D:4      | Noticed a wyvern
  4386 | D:4      | Found a blossoming altar of Fedhas.
  4467 | D:5      | Entered Level 5 of the Dungeon
  4614 | D:5      | Noticed Menkaure
  4617 | D:5      | Killed Menkaure
  4617 | D:5      | Reached skill level 5 in Evocations
  4617 | D:5      | Reached XP level 7. HP: 31/35 MP: 16/19
  4856 | D:5      | Found an iron altar of Okawaru.
  5015 | D:5      | Found a glowing drain.
  5019 | Sewer    | Entered a sewer
  5044 | Sewer    | Noticed Purgy
  5055 | Sewer    | Killed Purgy
  5486 | D:6      | Reached skill level 8 in Evocations
  5516 | D:6      | Noticed Pikel
  5591 | D:5      | Killed Pikel
  5591 | D:5      | Reached skill level 9 in Slings
  5591 | D:5      | Reached XP level 8. HP: 39/39 MP: 22/22
  5722 | D:6      | Reached skill level 10 in Slings
  5960 | D:6      | Reached skill level 11 in Slings
  6100 | D:4      | Killed a wyvern
  6117 | D:4      | Noticed a phantom
  6126 | D:4      | Killed a phantom
  6455 | D:6      | Reached skill level 12 in Slings
  6455 | D:6      | Reached XP level 9. HP: 34/42 MP: 24/24
  6556 | D:6      | Found Mocavaas' Antique Weapon Boutique.
  6676 | D:7      | Reached skill level 1 in Shields
  6771 | D:7      | Found a burning altar of Makhleb.
  6771 | D:7      | Noticed a cacodemon
  6913 | D:7      | Found a basalt altar of Yredelemnul.
  7125 | D:7      | Reached skill level 5 in Throwing
  7791 | D:4      | Found a blossoming altar of Fedhas.
  7937 | D:4      | Killed Amnesiac's ghost
  8250 | D:7      | Reached skill level 10 in Throwing
  8320 | D:7      | Found a staircase to the Ecumenical Temple.
  8330 | Temple   | Entered the Ecumenical Temple
  8495 | Temple   | Became a worshipper of Nemelex Xobeh the Trickster
  8619 | D:7      | Learned a level 1 spell: Apportation
  8621 | D:7      | Learned a level 1 spell: Summon Butterflies
  8624 | D:7      | Learned a level 2 spell: Blink
  8625 | D:7      | Received a gift from Nemelex Xobeh
  8727 | D:9      | Reached XP level 10. HP: 46/46 MP: 25/25
  8737 | D:9      | Learned a level 2 spell: Corpse Rot
  8740 | D:9      | Learned a level 2 spell: Sublimation of Blood
  8994 | D:7      | Acquired Nemelex Xobeh's first power
  9645 | D:8      | Got a brightly glowing quarterstaff
  9766 | D:8      | Reached skill level 10 in Evocations
 10116 | D:8      | Found a snail-covered altar of Cheibriados.
 10117 | D:8      | Found an iron altar of Okawaru.
 10200 | D:8      | Identified the +6,+4 quarterstaff "Fuwidgh" {pain, rC+ MR++ Dex+2} (You found it on level 8 of the Dungeon)
 10350 | D:9      | Got a warped short sword
 10770 | D:9      | Found a sparkling altar of Nemelex Xobeh.
 10919 | D:9      | Identified the +3,+10 short sword "Graroy" {venom, Contam +Rage +Fly MR+ SInv} (You found it on level 9 of the Dungeon)
 11014 | D:9      | Gained mutation: You are resistant to electric shocks. [mutagenic glow]
 11018 | D:10     | Entered Level 10 of the Dungeon
 11101 | D:9      | Reached skill level 13 in Evocations
 11282 | D:10     | Noticed a hill giant
 11282 | D:10     | Noticed a hill giant
 11292 | D:10     | Killed a hill giant
 11292 | D:10     | Reached skill level 14 in Evocations
 11297 | D:10     | Killed a hill giant
 11385 | D:10     | Noticed Amnesiac's ghost (experienced SpAr)
 11454 | D:10     | Killed Amnesiac's ghost
 11454 | D:10     | Reached XP level 11. HP: 41/50 MP: 30/30
 11642 | D:10     | Reached skill level 15 in Evocations
 11784 | D:10     | Found a staircase to the Lair.
 12124 | D:10     | Found a staircase to the Orcish Mines.
 12272 | D:10     | Noticed a lindwurm
 12294 | D:10     | Killed a lindwurm
 12294 | D:10     | Reached skill level 16 in Evocations
 12296 | D:10     | Noticed a lindwurm
 12315 | D:10     | Killed a lindwurm
 12323 | D:10     | Noticed a lindwurm
 12329 | D:10     | Noticed a lindwurm
 12349 | D:10     | Killed a lindwurm
 12349 | D:10     | Reached skill level 5 in Dodging
 12359 | D:10     | Killed a lindwurm
 12373 | D:10     | Gained mutation: You are agile. (Dex +2) [potion of beneficial mutation]
 13729 | D:10     | Got a pitted quarterstaff
 13732 | D:10     | Identified the +7,+4 quarterstaff "Kageihah" {distort, rElec rN+} (You found it on level 10 of the Dungeon)
 13768 | D:10     | Learned a level 1 spell: Confusing Touch
 13833 | D:10     | Gained mutation: Armour fits poorly on your strangely shaped body. [mutagenic glow]
 14171 | Orc:1    | Entered Level 1 of the Orcish Mines
 14427 | Orc:2    | Noticed Gastronok
 14472 | Orc:1    | Killed Gastronok
 14548 | Orc:2    | Noticed Josephine
 14552 | Orc:2    | Killed Josephine
 14552 | Orc:2    | Reached skill level 10 in Dodging
 14762 | Orc:2    | Found Qoistruf's Antique Armour Boutique.
 14898 | Orc:1    | Acquired Nemelex Xobeh's second power
 15071 | Orc:1    | Reached XP level 12. HP: 54/54 MP: 32/32
 15071 | Orc:1    | Received a gift from Nemelex Xobeh
 15266 | Orc:1    | Received a gift from Nemelex Xobeh
 15277 | Orc:1    | Lost mutation: You are agile. (Dex +2) [helix card]
 15277 | Orc:1    | Gained mutation: You are frail (-10% HP). [helix card]
 15281 | Orc:1    | Received a gift from Nemelex Xobeh
 15296 | Orc:1    | Acquired Nemelex Xobeh's third power
 15298 | Orc:1    | Received a gift from Nemelex Xobeh
 15312 | Orc:1    | Received a gift from Nemelex Xobeh
 15324 | Orc:1    | Received a gift from Nemelex Xobeh
 15334 | Orc:1    | Acquired Nemelex Xobeh's fourth power
 15341 | Orc:1    | Received a gift from Nemelex Xobeh
 15411 | Orc:3    | Found a staircase to the Elven Halls.
 15455 | Orc:3    | Found Dunwiqeh's Assorted Antiques.
 15463 | Orc:3    | Bought a purple potion for 19 gold pieces
 15464 | Orc:3    | Bought a scroll of identify for 44 gold pieces
 15465 | Orc:3    | Bought a scroll of blinking for 165 gold pieces
 15465 | Orc:3    | Bought a scroll of magic mapping for 77 gold pieces
 15633 | Orc:2    | Noticed Fannar
 15656 | Orc:2    | Killed Fannar
 15656 | Orc:2    | Reached skill level 1 in Axes
 16205 | Orc:4    | Entered Level 4 of the Orcish Mines
 16216 | Orc:4    | Noticed Nergalle
 16246 | Orc:4    | Killed Nergalle
 16366 | Orc:4    | Noticed Snorg
 16382 | Orc:4    | Killed Snorg
 16388 | Orc:4    | Received a gift from Nemelex Xobeh
 16420 | D:10     | Noticed a hill giant
 16474 | Orc:1    | Killed a hill giant
 16532 | Orc:2    | Acquired Nemelex Xobeh's fifth power
 16819 | Orc:4    | Found an ancient bone altar of Kikubaaqudgha.
 17010 | Orc:4    | Reached XP level 13. HP: 52/52 MP: 33/33
 17030 | Orc:4    | Noticed an ogre mage
 17030 | Orc:4    | Noticed an ogre mage
 17041 | Orc:4    | Received a gift from Nemelex Xobeh
 17045 | Orc:4    | Killed an ogre mage
 17046 | Orc:4    | Killed an ogre mage
 17050 | Orc:4    | Noticed an ogre mage
 17367 | Orc:4    | Killed an ogre mage
 17388 | Orc:4    | Reached XP level 14. HP: 57/67 MP: 34/34
 17401 | Orc:4    | Received a gift from Nemelex Xobeh
 17403 | Orc:4    | Reached skill level 19 in Evocations
 17403 | Orc:4    | Reached XP level 15. HP: 62/71 MP: 36/36
 17410 | Orc:4    | Noticed an eldritch tentacle
 17434 | Orc:4    | Killed an eldritch tentacle
 17525 | Orc:4    | Noticed an ogre mage
 17557 | Orc:4    | Killed an ogre mage
 17726 | Orc:4    | Found Jifeded's Assorted Antiques.
 17726 | Orc:4    | Found Ghyf's Food Shop.
 17726 | Orc:4    | Found Shaysm's Antique Armour Shop.
 17726 | Orc:4    | Found Smaij's Jewellery Emporium.
 17744 | Orc:4    | Bought a scroll labeled CUAHOTR IBOPN for 28 gold pieces
 17745 | Orc:4    | Bought a scroll of identify for 56 gold pieces
 17747 | Orc:4    | Bought an embroidered robe for 18 gold pieces
 18091 | Orc:4    | Bought a scroll of immolation for 98 gold pieces
 18091 | Orc:4    | Bought a scroll of magic mapping for 98 gold pieces
 18097 | Orc:4    | Bought an uncursed amulet of inaccuracy for 30 gold pieces
 18105 | Orc:4    | Bought 11 sultanas for 11 gold pieces
 18105 | Orc:4    | Bought a choko for 6 gold pieces
 18105 | Orc:4    | Bought a slice of pizza for 15 gold pieces
 18105 | Orc:4    | Bought a meat ration for 50 gold pieces
 18105 | Orc:4    | Bought a bread ration for 44 gold pieces
 18105 | Orc:4    | Bought a bread ration for 44 gold pieces
 18105 | Orc:4    | Bought a meat ration for 50 gold pieces
 18105 | Orc:4    | Bought a bread ration for 44 gold pieces
 18105 | Orc:4    | Bought an apple for 7 gold pieces
 18105 | Orc:4    | Bought a meat ration for 50 gold pieces
 18105 | Orc:4    | Bought a bread ration for 44 gold pieces
 18105 | Orc:4    | Bought a meat ration for 50 gold pieces
 18105 | Orc:4    | Bought a bread ration for 44 gold pieces
 18131 | Orc:4    | Bought a +3 ring of intelligence for 235 gold pieces
 18176 | Elf:1    | Entered Level 1 of the Elven Halls
 18548 | Elf:1    | Found a flickering gateway to a bazaar.
 18766 | Bazaar   | Entered a bazaar
 18766 | Bazaar   | Found Utocefir's Gadget Boutique.
 18766 | Bazaar   | Found Grieb's Antique Weapon Shop.
 18766 | Bazaar   | Found Kean's Distillery.
 18766 | Bazaar   | Found Edaewkie's Antique Armour Boutique.
 18771 | Bazaar   | Bought a potion of poison for 10 gold pieces
 18786 | Bazaar   | Bought a glowing buckler for 117 gold pieces
 18786 | Bazaar   | Bought a glowing robe for 18 gold pieces
 19644 | Elf:2    | Found Ihafel's Weapon Emporium.
 20204 | Elf:2    | Noticed Amnesiac's ghost (powerful SpAr)
 20219 | Elf:2    | Killed Amnesiac's ghost
 20756 | Elf:2    | Reached skill level 10 in Fighting
 21019 | Elf:3    | Entered Level 3 of the Elven Halls
 21727 | Elf:3    | Received a gift from Nemelex Xobeh
 21730 | Elf:3    | Noticed an Executioner
 22947 | Elf:3    | Gained mutation: Your magical capacity is low (-10% MP). [a neqoxec]
 23218 | Elf:3    | Noticed a deep elf master archer
 23662 | Elf:3    | Reached skill level 20 in Evocations
 24886 | Elf:3    | Noticed a deep elf blademaster
 24931 | Elf:3    | Killed a deep elf blademaster
 25263 | Elf:3    | Received a gift from Nemelex Xobeh
 25420 | Elf:2    | Learned a level 3 spell: Regeneration
 25422 | Elf:2    | Cast into the Abyss (a card of wild magic)
 25423 | Abyss:1  | Lost mutation: Your magical capacity is low (-10% MP). [helix card]
 25427 | Abyss:1  | Shuffle card: Str 16[16], Int 10[14], Dex 18[23]
 25428 | Abyss:1  | Lost mutation: You are frail (-10% HP). [helix card]
 25524 | Abyss:1  | Reached skill level 1 in Transmutations
 25753 | Abyss:2  | Reached XP level 16. HP: 88/88 MP: 38/38
 25937 | Abyss:2  | Noticed a lich
 25997 | Abyss:2  | Noticed a tentacled starspawn
 26229 | Abyss:2  | Received a gift from Nemelex Xobeh
 26233 | Abyss:2  | Noticed an ancient lich
 26359 | Abyss:3  | Found a corrupted altar of Lugonu.
 26581 | Abyss:4  | Noticed a tentacled starspawn
 26588 | Abyss:5  | Entered Level 5 of the Abyss
 26663 | Elf:2    | Escaped the Abyss
 26698 | Elf:3    | Noticed a Brimstone Fiend
 27592 | Elf:3    | Got a shimmering iron ring
 27694 | Elf:3    | Killed from afar by a deep elf sorcerer

Action                   |  1- 3 |  4- 6 |  7- 9 | 10-12 | 13-15 | 16-18 || total
-------------------------+-------+-------+-------+-------+-------+-------++-------
Melee: Quarterstaff      |    49 |    14 |       |       |       |       ||    63
       Whip              |       |       |    23 |       |       |       ||    23
       Short sword       |       |       |       |    17 |       |       ||    17
       Unarmed           |       |       |       |    13 |       |       ||    13
 Fire: Sling             |    66 |   181 |   384 |   792 |   254 |   168 ||  1845
       Blowgun           |       |       |     4 |    12 |    21 |     4 ||    41
Throw: Throwing net      |     3 |     3 |       |       |       |       ||     6
       Tomahawk          |       |       |       |       |    83 |     3 ||    86
 Cast: Blink             |       |       |       |    24 |    19 |       ||    43
Invok: Draw One          |       |       |       |       |    16 |       ||    16
 Abil: End Transformatio |       |       |       |     1 |       |       ||     1
Evoke: Wand              |     1 |    14 |     3 |     9 |     1 |     4 ||    32
       Deck              |       |       |       |    78 |    21 |     2 ||   101
  Use: Scroll            |     8 |     1 |    10 |     4 |     8 |     2 ||    33
       Potion            |       |       |     5 |     4 |     5 |       ||    14
